 Dungeon Crawl Stone Soup version 0.29-a0-775-g4d7333d4e2 (webtiles) character file.

Game seed: 14894698482335811189

5646 Anon1729 the Grappler (level 10, -4/91 HPs)
             Began as a Minotaur Monk on July 1, 2022.
             Was a High Priest of Wu Jian.
             Slain by a vault guard
             ... wielding a +0 broad axe
              (25 damage)
             ... in a bailey.
             The game lasted 00:10:16 (8625 turns).

Anon1729 the Grappler (Minotaur Monk)               Turns: 8625, Time: 00:10:17

Health: -4/91      AC: 15    Str: 27    XL:     10   Next: 46%
Magic:  9/9        EV: 14    Int:  7    God:    Wu Jian [*****.]
Gold:   456        SH:  0    Dex: 12    Spells: 9/9 levels left

rFire   + . .      SeeInvis .     - Unarmed
rCold   + . .      Faith    .   (no shield)
rNeg    . . .      Spirit   .   c - +0 plate armour
rPois   +          Reflect  .   (helmet unavailable)
rElec   +          Harm     .   (no cloak)
rCorr   +          Rampage  .   (no gloves)
Will    .....                   j - +0 pair of boots
Stlth   ..........              (no amulet)
HPRegen 0.25/turn               i - +4 ring of evasion
MPRegen 0.11/turn               f - +6 ring of strength

@: resistant, attractive, flying
A: horns 3, retaliatory headbutt, wild magic 1
a: Renounce Religion, Wall Jump, Serpent's Lash, Heavenly Storm


You were in a bailey.
You worshipped Wu Jian.
Wu Jian was extremely pleased with you.
You visited 1 branch of the dungeon, and saw 8 of its levels.
You also visited: Bailey.

You collected 469 gold pieces.
You spent 13 gold pieces at shops.

Inventory:

Hand Weapons
 v - the +10 sling of Youthful Indiscretion {venom, Fragile Int+6 Dex-2 Stlth+}
   (You found it on level 5 of the Dungeon)

   Any ammunition fired from it poisons the flesh of those it strikes.
   Int:       It affects your intelligence (+6).
   Dex:       It affects your dexterity (-2).
   Fragile:   It will be destroyed if unequipped.
   Stlth:     It makes you more stealthy.
Armour
 a - a +0 robe
 c - a +0 plate armour (worn)
 j - a +0 pair of boots (worn)
Jewellery
 d - a ring of resist corrosion
 f - a +6 ring of strength (right hand)
 i - a +4 ring of evasion (left hand)
 A - a +4 ring of protection
 C - a +4 ring of evasion
Wands
 p - a wand of charming (9)
 t - a wand of quicksilver (10)
 z - a wand of polymorph (6)
Scrolls
 b - 4 scrolls of teleportation
 e - a scroll of torment
 g - 2 scrolls of amnesia
 k - 2 scrolls of vulnerability
 l - 3 scrolls of blinking
 n - 2 scrolls of immolation
 w - 2 scrolls of identify
 y - a scroll of noise {unknown}
 D - a scroll of fear {unknown}
 E - a scroll of brand weapon {unknown}
Potions
 h - a potion of curing
 m - 3 potions of mutation
 q - a potion of haste
 r - 2 potions of brilliance
 u - 2 potions of ambrosia


   Skills:
 + Level 9.2 Fighting
 + Level 8.2 Armour
 + Level 8.5 Dodging
 - Level 1.8 Stealth
 * Level 11.3 Unarmed Combat


You had 9 spell levels left.
You didn't know any spells.
Your spell library contained the following spells:

 Spells                   Type           Power      Damage    Failure   Level
 Portal Projectile        Hex/Tloc       0%         N/A       100%        3
 Tukima's Dance           Hex            0%         N/A       100%        3
 Blade Hands              Tmut           0%         N/A       100%        5
 Summon Forest            Summ/Tloc      0%         N/A       100%        5
 Summon Mana Viper        Hex/Summ       0%         N/A       100%        5
 Summon Cactus Giant      Summ           0%         N/A       100%        6


Dungeon Overview and Level Annotations

Branches:
Dungeon (8/15)             Temple (0/1) D:5          Bailey (1/1)
   Lair: D:8-11

Altars:
Ru
Wu Jian

Shops:
D:1 !


Innate Abilities, Weirdness & Mutations

You have a pair of large horns on your head.
You reflexively headbutt those who attack you in melee.
Your spells are a little harder to cast, but a little more powerful.


Message History

Aim: a goblin, wielding a +0 hand axe and wearing a +0 leather armour (will become a dart slug, a kobold, or an endoplasm, chance to affect: 66%)
Okay, then.
Unknown command.
Unknown command.
Your human hits the vault guard but does no damage.
Your human closely misses the vault guard.
Your human misses the goblin. The vault guard misses your human.
Unknown command.
You feel yourself slow down.
The vault guard closely misses your human.
Your human hits the vault guard with a +2 vorpal hand axe!
Your human closely misses the goblin.
The vault guard closely misses your human.
Your human hits the vault guard with a +2 vorpal hand axe.
Your human barely misses the goblin.
You pummel the goblin!!
You kill the goblin!
The Council accepts your kill.
You hear a splash. x2
The vault guard hits your human with a +0 broad axe!
Your human dies!
You hear a splash. x2
It was a potion of mutation.
You feel extremely strange.
You feel less in control of your magic. The horns on your head grow some more.
It was a potion of flight.
You feel very buoyant.
You fly up into the air.
It was a potion of attraction.
You feel attractive to monsters.
The vault guard hits you with a +0 broad axe.
* * * LOW HITPOINT WARNING * * *
It was a potion of magic.
Magic courses through your body.
The vault guard hits you with a +0 broad axe.
* * * LOW HITPOINT WARNING * * *
It was a potion of resistance.
You feel protected.
The vault guard splashes around in the water.
You feel better.
The vault guard hits you with a +0 broad axe!!
You die...

#...#..'..)≈≈≈.....
#...#..#...........
#..##..#≈≈≈≈≈.≈....
#...#######≈≈..≈...
#####.......##≈≈≈≈≈≈≈≈
##...##).....#≈≈≈≈≈≈≈≈≈
#..∩..')...#'##≈≈≈≈≈≈≈≈
#.....######p.###≈≈≈≈≈#
#..∩..@)≈≈##....#######
##...##p≈≈≈#......#
#####≈≈≈≈†'.....##
#≈≈≈≈≈#....##
##≈≈≈##...## ##########


You could see a vault guard.

Vanquished Creatures
  2 two-headed ogres
  Maggie (D:6)
  Sigmund (D:2)
  A wyvern (D:7)
  Eustachio (D:6)
  A human (Bailey)
  A steam dragon (D:6)
  Edmund (D:5)
  Duvessa (D:5)
  3 sky beasts
  4 black bears
  2 orc warriors
  4 ogres
  3 centaurs
  A phantom (D:7)
  Blork the orc (D:5)
  A gnoll sergeant (D:6)
  5 bullfrogs
  A necrophage (D:4)
  2 scorpions (D:5)
  4 wights
  Dowan (D:5)
  2 jellies
  5 hounds
  4 orc priests
  Jessica (D:2)
  2 iguanas
  Terence (D:3)
  Natasha (D:2)
  6 orc wizards
  Robin (D:1)
  5 adders
  4 gnolls (D:5)
  2 shadow imps
  An ufetubus (D:6)
  A worm (D:2)
  2 dart slugs
  26 orcs
  7 endoplasms
  4 giant cockroaches
  23 goblins
  17 hobgoblins
  4 kobolds
  6 quokkas
  10 ball pythons
  6 bats
  2 frilled lizards (D:1)
  4 rats
  A spectral kobold (D:1)
190 creatures vanquished.

Vanquished Creatures (others)
  A human (Bailey)
1 creature vanquished.

Grand Total: 191 creatures vanquished

Notes
Turn   | Place    | Note
-------+----------+-------------------------------------------
     0 | D:1      | Anon1729 the Minotaur Monk began the quest for the Orb.
     0 | D:1      | Reached XP level 1. HP: 19/19 MP: 0/0
   105 | D:1      | Found Raenneeb's Distillery.
   344 | D:1      | Reached XP level 2. HP: 27/27 MP: 1/1
   773 | D:1      | Found a faded altar of an unknown god.
   784 | D:1      | Prayed at the altar of an unknown god.
   784 | D:1      | Became a worshipper of the Wu Jian Council
   784 | D:1      | Reached * piety under Wu Jian
   784 | D:1      | Reached ** piety under Wu Jian
   791 | D:1      | Reached XP level 3. HP: 29/33 MP: 2/2
  1006 | D:1      | Reached skill level 1 in Armour
  1269 | D:1      | Bought a potion of degeneration for 13 gold pieces
  1396 | D:2      | Reached *** piety under Wu Jian
  1448 | D:2      | Noticed Jessica
  1453 | D:2      | Killed Jessica
  1454 | D:2      | Reached skill level 4 in Unarmed Combat
  1454 | D:2      | Reached XP level 4. HP: 34/40 MP: 3/3
  1670 | D:2      | Noticed Robin
  1673 | D:2      | Noticed Natasha
  1903 | D:1      | Killed Robin
  2298 | D:2      | Killed Natasha
  2361 | D:2      | Noticed Sigmund
  2382 | D:2      | Killed Sigmund
  2383 | D:2      | Reached skill level 5 in Unarmed Combat
  2383 | D:2      | Reached XP level 5. HP: 34/47 MP: 4/4
  2383 | D:2      | Reached XP level 6. HP: 40/55 MP: 5/5
  2617 | D:3      | Noticed Terence
  2625 | D:3      | Killed Terence
  2626 | D:3      | Reached skill level 5 in Fighting
  2786 | D:3      | Reached **** piety under Wu Jian
  3310 | D:4      | Found a sacrificial altar of Ru.
  3317 | D:4      | Reached skill level 6 in Unarmed Combat
  3319 | D:4      | Reached XP level 7. HP: 61/61 MP: 6/6
  3338 | D:4      | Reached skill level 5 in Dodging
  4006 | D:5      | Entered Level 5 of the Dungeon
  4072 | D:5      | Noticed Duvessa
  4073 | D:5      | Noticed Blork the orc
  4077 | D:5      | Noticed Dowan
  4078 | D:5      | Killed Duvessa
  4079 | D:5      | Reached skill level 7 in Unarmed Combat
  4084 | D:5      | Killed Blork the orc
  4085 | D:5      | Reached XP level 8. HP: 22/70 MP: 7/7
  4099 | D:5      | Killed Dowan
  4314 | D:5      | Noticed Edmund
  4326 | D:5      | Killed Edmund
  4364 | D:5      | Found a staircase to the Ecumenical Temple.
  4409 | D:5      | Reached skill level 5 in Armour
  4417 | D:5      | Found an ornate altar of the Wu Jian Council.
  4452 | D:5      | Reached ***** piety under Wu Jian
  4638 | D:5      | Reached skill level 8 in Unarmed Combat
  5091 | D:5      | Identified the +10 sling of Youthful Indiscretion {venom,
                  | Fragile Int+6 Dex-2 Stlth+}
  5396 | D:6      | Reached XP level 9. HP: 37/79 MP: 8/8
  5623 | D:6      | Noticed Maggie
  5635 | D:6      | Killed Maggie
  5636 | D:6      | Reached skill level 9 in Unarmed Combat
  6222 | D:6      | Noticed a two-headed ogre
  6467 | D:6      | Killed a two-headed ogre
  6468 | D:6      | Reached skill level 10 in Unarmed Combat
  6744 | D:6      | Noticed Eustachio
  6749 | D:6      | Killed Eustachio
  7270 | D:7      | Reached XP level 10. HP: 87/90 MP: 9/9
  8107 | D:8      | Noticed a two-headed ogre
  8211 | D:8      | Found a flagged portal.
  8227 | D:8      | Killed a two-headed ogre
  8228 | D:8      | Reached skill level 11 in Unarmed Combat
  8283 | Bailey   | Entered a bailey
  8539 | Bailey   | Noticed a vault guard
  8620 | Bailey   | Gained mutation: Your spells are a little harder to cast,
                  | but a little more powerful. [potion of mutation]
  8620 | Bailey   | Gained mutation: You have a pair of large horns on your
                  | head. [potion of mutation]
  8625 | Bailey   | Slain by a vault guard

Illustrated notes

Levels and vault maps discovered:
D:1:      psy_arrival_statuary, layout_basic,
          dreamdust_ecumenical_altar_drowned_temple, serial_shops, shop
D:2:      layout_rooms, minmay_goblin_kobold_house, uniq_sigmund, uniq_natasha,
          uniq_robin, uniq_jessica
D:3:      layout_rooms, grunt_ministairs_8, uniq_terence
D:4:      layout_basic, nicolae_ru_great_annihilating_truth
D:5:      cheibrodos_helix_gallery, layout_basic,
          mainiacjoe_overflow_surrounded_room, minmay_temple_entry_antechambers,
          uniq_duvessa, uniq_blork_the_orc, uniq_edmund
D:6:      minmay_chambers_of_sixes, layout_basic, minmay_misc_feat_encased,
          uniq_maggie, uniq_eustachio
D:7:      layout_cave_pods
D:8:      layout_rooms, nicolae_dithmenos_the_darkroom, enter_bailey_3
Bailey:   bailey_axe_froggy_fort_hellmonk, bailey

Skill      XL: |  1  2  3  4  5  6  7  8  9 10 |
---------------+-------------------------------+-----
Fighting       | 4 5 6 7 8 9 |  9.2
Armour         | 1 2 3 4 6 7 8 |  8.2
Unarmed Combat | 4 5 6 7 8 10 11 | 11.3
Dodging        | 4 5 6 7 8 |  8.5
Stealth        | |  1.8

Action                   |  1- 3 |  4- 6 |  7- 9 | 10-12 || total
-------------------------+-------+-------+-------+-------++-------
Melee: Unarmed           |    90 |   165 |   228 |   121 ||   604
       Headbutt          |     8 |    22 |    44 |    20 ||    94
       Punch             |     3 |     7 |    11 |     8 ||    29
Invok: Lunge             |     4 |     6 |    15 |     6 ||    31
       Whirlwind         |       |     1 |     1 |    14 ||    16
Evoke: Wand              |       |       |       |     3 ||     3
  Use: Potion            |       |       |     6 |     8 ||    14
       Scroll            |       |       |     7 |       ||     7
 Stab: Paralysed         |       |       |     1 |       ||     1
Armor: Robe              |     4 |       |       |       ||     4
       Plate armour      |    45 |    71 |    88 |    40 ||   244
       Skin              |       |     1 |       |       ||     1
Dodge: Dodged            |    31 |    69 |   139 |    56 ||   295

Table legend: (Time is in decaauts)
 A = Elapsed time spent in this place.
 B = Non-inter-level travel time spent in this place.
 C = Inter-level travel time spent in this place.
 D = Time resting spent in this place.
 E = Time spent auto-exploring this place.
 F = Levels seen in this place.
 G = Mean time per level.
                   A        B        C        D        E       F      G
               +--------+--------+--------+--------+--------+-----+--------+
         Total |   8550 |   8391 |    159 |   1128 |   6025 |   9 |  950.0 |
       Dungeon |   8229 |   8070 |    159 |   1128 |   5806 |   8 | 1028.6 |
        Bailey |    320 |    320 |      0 |      0 |    218 |   1 |  320.0 |
               +--------+--------+--------+--------+--------+-----+--------+

Top non-repeatable levels by time:
     D:1: 1857 daAuts
     D:6: 1721 daAuts
     D:5: 1190 daAuts
     D:7: 1102 daAuts
     D:4: 943 daAuts
     D:2: 752 daAuts
     D:3: 433 daAuts
  Bailey: 320 daAuts
     D:8: 227 daAuts
